Unix NetHack Version 3.7.0-89 Work-in-progress - last build Nov 29 2023 03:14:05 (8663f69846b387d428bf56816b0fc57e108cd183,branch:master). Game began 2023-09-09 12:11:11, ended 2024-03-23 23:59:27. chip, chaotic male human Monk --------- ------ +.......| --------- |....| |.......| #####...}.}.}| |....| |>......| ### |..(}.}.| |....| ........| ########%## .....}..-# |..... -|------- `# --.------# ------------ |.<..| #####[##########` ## ## |..........| --.---#### # --------# # # #.......@...| ##### #### |.......####################[#|.....@....| # |......|# ### ####.....Y.....| # |.......########### # ## |..........| -----.---- ##.......|# -.--.-.--- #####...........| |........| # |......|######-........| ------------ #############.......^.| ##[# |.......######|........| -.-- |........|## -------- #|........| |..| |........-# |........| |..| |.......`| ---------- -.-- --------|- # Chip the Student of Stones St:18/03 Dx:14 Co:16 In:9 Wi:16 Ch:12 Chaotic S:73844 Dlvl:9 $:0 HP:78(85) Pw:18(58) AC:-6 Xp:11/11952 T:12462 Latest messages: What do you want to use or apply? [be-hklnrw-zCE-GKOPZ or ?*] b a - an uncursed fortune cookie. There are several objects here. You hear someone searching. You hit the tiger! You hit the tiger! The tiger hits! The tiger hits again! The tiger bites! You kill the tiger! There is a doorway here. You see here a tiger corpse. You have trouble lifting a tiger corpse. Continue? [ynq] (q) y You have trouble lifting d - a tiger corpse. You rebalance your load. Movement is difficult. Where do you want to travel to? (For instructions type a '?') You experience a sense of peace. Pardon me, priest of Huan Ti. What do you want to sacrifice? [di or ?*] ? Your sacrifice is consumed in a burst of flame! Your movements are now unencumbered. What do you want to use or apply? [be-hklnrw-zCE-GKOPZ or ?*] b Restoring save file... Hello chip, the human Monk, welcome back to NetHack! You remember this level as $. Unix NetHack Version 3.7.0-89 Work-in-progress - last build Nov 29 2023 03:14:05 (8663f69846b387d428bf56816b0fc57e108cd183,branch:master). Autopickup: ON, for all objects. Really quit? [yn] (n) y Do you want your possessions identified? [ynq] (y) q Inventory: Weapons t - a blessed +5 aklys Armor N - an uncursed +2 orcish helm (being worn) T - an uncursed +2 pair of leather gloves (being worn) c - an uncursed -2 pair of levitation boots s - an uncursed burnt +0 pair of speed boots q - an uncursed +0 pair of water walking boots (being worn) M - an uncursed +3 small shield (being worn) u - an uncursed +0 cloak of magic resistance (being worn) W - an uncursed +0 mummy wrapping U - a blessed +4 robe Comestibles B - an uncursed C-ration Y - a cursed carrot m - an uncursed food ration a - an uncursed fortune cookie i - an uncursed lizard corpse Wands n - a wand of create monster (0:14) O - a wand of death (0:0) r - a wand of digging (0:1) y - a wand of fire (0:3) l - a wand of fire (0:0) E - a wand of speed monster (0:3) G - a wand of striking (0:0) e - a blessed wand of teleportation (0:6) Tools b - a blessed bag of holding containing 86 items K - an uncursed leather drum Z - a cursed leash f - a magic marker (0:59) w - an uncursed magic whistle F - an uncursed mirror z - an uncursed oil lamp C - an uncursed oil lamp x - a +0 pick-axe k - an uncursed skeleton key P - an uncursed towel h - a +0 unicorn horn Gems/Stones Q - an uncursed agate stone R - an uncursed amber stone X - an uncursed jade stone (in quiver pouch) S - an uncursed jasper stone p - an uncursed luckstone g - a blessed touchstone Contents of the bag of holding: 2240 gold pieces 12 blessed +0 darts a +0 orcish dagger a blessed +4 quarterstaff named +4? a +0 bullwhip named +0 an uncursed +2 orcish helm an uncursed +0 pair of gauntlets of dexterity an uncursed +2 pair of leather gloves an uncursed +0 pair of low boots a blessed +2 mummy wrapping a blessed +1 mummy wrapping an uncursed +0 mummy wrapping a cursed -1 mummy wrapping an uncursed +1 robe 8 uncursed slime molds 3 uncursed apples an uncursed carrot an uncursed clove of garlic an uncursed cram ration 2 uncursed cream pies 7 uncursed food rations 2 uncursed fortune cookies 2 uncursed lembas wafers 7 uncursed oranges an uncursed pear an uncursed sprig of wolfsbane 9 uncursed tripe rations 2 uncursed eggs an uncursed lichen corpse 2 uncursed scrolls of earth 6 blessed scrolls of blank paper 5 uncursed scrolls of blank paper 2 cursed scrolls of blank paper an uncursed scroll of gold detection a cursed scroll of gold detection an uncursed scroll of identify 2 uncursed scrolls of teleportation an uncursed spellbook of cure blindness an uncursed spellbook of detect food an uncursed potion of invisibility an uncursed potion of full healing 2 uncursed potions of gain level an uncursed potion of paralysis 4 potions of holy water 3 uncursed potions of water 3 potions of unholy water an uncursed potion of monster detection 2 blessed potions of object detection an uncursed ring of polymorph an uncursed ring of stealth an uncursed ring of stealth an uncursed ring of stealth a blessed +1 ring of gain strength a cursed -1 ring of increase accuracy an uncursed ring of invisibility an uncursed ring of invisibility a cursed ring of invisibility an uncursed ring of see invisible an uncursed ring of sustain ability a wand of slow monster (0:2) a wand of slow monster (0:7) a wand of cold (0:0) a wand of cold (0:0) a wand of cold (0:1) a wand of create monster (0:12) a wand of create monster (0:12) a wand of enlightenment (0:10) a wand of light (0:14) a wand of secret door detection (0:10) a blessed wand of striking (0:5) a wand of wishing (0:1) a drum of earthquake (0:6) an uncursed blindfold a blessed brass lantern an uncursed magic whistle an uncursed mirror an uncursed oil lamp an uncursed skeleton key 2 uncursed amethyst stones an uncursed chrysoberyl stone an uncursed diamond 3 uncursed emeralds an uncursed jet stone an uncursed obsidian stone 2 uncursed rubies an uncursed luckstone Chip the Monk's attributes: Background: You were a Student of Stones, a level 11 male human Monk. You were chaotic, on a mission for Huan Ti who was opposed by Shan Lai Ching (lawful) and Chih Sung-tzu (neutral). You were in the Dungeons of Doom, on level 9. You entered the dungeon 12462 turns ago. It was nighttime. You had 11952 experience points, 8048 more were needed to attain level 12. Your score was 73844 before end-of-game adjustments. Basics: You had 78 out of 85 hit points. You had 18 out of 58 energy points (spell power). Your armor class was -6. Your wallet was empty, but you had 2240 zorkmids stashed away in your pack. Autopickup was on for all types. Final Characteristics: Your strength was 18/03 (limit:18/100). Your dexterity was 14 (limit:18). Your constitution was 16 (limit:18). Your intelligence was 9 (limit:18). Your wisdom was 16 (peak:17, limit:18). Your charisma was 12 (limit:18). Final Status: You weren't hungry. You were unencumbered. You were empty handed. You had master skill with martial arts. Final Attributes: You were piously aligned. You were magic-protected. You were fire resistant. You were sleep resistant. You were shock resistant. You were poison resistant. You saw invisible. You were telepathic. You were warned. You had automatic searching. You were stealthy. You had teleport control. You could walk on water. You had a small defense bonus (+4). You were warded. You were fast. You were extremely lucky. You had extra luck. Bad luck did not time out for you. Good luck did not time out for you. You survived. Miscellaneous: You encountered 2 bones levels. Total elapsed playing time was 8 hours, 55 minutes and 24 seconds. Major events: Turn 1: chip the chaotic male human Monk entered the dungeon 951: attained the rank of Novice (level 3) 1292: entered the Gnomish Mines 2010: attained the rank of Initiate (level 6) 2123: reached Mine Town 2939: destroyed Cloudmillion's ghost, the former Initiate 3345: destroyed mgm7734's ghost, the former Fighter 3704: entered Sokoban 5283: was bestowed with Sting by Huan Ti 5743: destroyed WizzyTheWeird's ghost, the former Thaumaturge 7658: completed 1st Sokoban level 8089: completed 2nd Sokoban level 8525: completed 3rd Sokoban level 9244: completed 4th Sokoban level 9278: attained the rank of Student of Stones (level 10) 10229: acquired the Mines' End luckstone 11262: entered Gehennom 12462: quit Vanquished creatures: a jabberwock a demilich a Nazgul 2 liches an ettin 3 golden nagas a lieutenant 4 ghosts a giant mimic an ice troll a wumpus 2 water elementals a hill giant 2 giant mummies a black naga 3 xorns a water demon a small mimic an ettin mummy a quantum mechanic 3 trolls 2 gelatinous cubes a freezing sphere 2 flaming spheres 3 tigers 3 tengu an ochre jelly a leocrotta an energy vortex a stone giant 3 elf mummies 2 pit vipers 6 wraiths 2 carnivorous apes a leather golem a Grey-elf 12 soldiers a chameleon 3 giant beetles 2 quivering blobs 2 cockatrices a wolf 2 leprechauns 2 giant spiders 2 scorpions a vampire bat 5 gnome rulers an orc mummy 3 dwarf mummies 3 rust monsters 2 owlbears a yeti 3 gold golems a werewolf 2 lizards 4 chickatrices a dingo a jaguar a dwarf leader a black unicorn a dust vortex 3 ravens a plains centaur a gnome mummy 2 snakes 8 apes a rope golem a soldier ant 4 fire ants 3 wood nymphs 3 water nymphs a mountain nymph 3 Uruk-hai 3 orc shamans 3 rock piercers 3 rock moles a pony a fog cloud 3 yellow lights 2 shriekers 2 violet fungi 5 gnome leaders 5 gnomish wizards 4 kobold mummies a gray ooze a barrow wight an elf zombie 2 ghouls 2 giant ants 5 floating eyes a kitten 13 dwarves 2 kobold shamans 7 hill orcs 10 rothes a rabid rat a centipede 3 giant bats a monkey an orc zombie 2 dwarf zombies 4 iguanas 11 killer bees 3 acid blobs 4 hobbits 10 giant rats 9 cave spiders 3 red molds 46 gnomes 4 gnome zombies 5 geckos 9 jackals 2 kobolds 6 goblins 2 sewer rats 19 grid bugs 5 bats 3 lichens 5 kobold zombies 7 newts 395 creatures vanquished. No species were genocided or became extinct. Voluntary challenges: You read items or engraved 36 times. You never engraved Elbereth. You never genocided any monsters. You never polymorphed an object. You used no wishes. You did not violate any of the special Sokoban rules. Achievements: You entered a shop. You attained the rank of Novice. You entered the Gnomish Mines. You attained the rank of Initiate. You entered Minetown. You entered a temple. You entered Sokoban. You attained the rank of Student of Stones. You completed the Gnomish Mines. You entered Gehennom. The Dungeons of Doom: levels 1 to 29 Level 1: Level 2: A sink. Level 3: A sink. Level 4: A general store. Stairs down to The Gnomish Mines. Level 5: "Beware the jabberwock my son" A fountain. Oracle of Delphi. Final resting place for Cloudmillion-Mon-Hum-Fem-Law, killed by a jabberwock, mgm7734-Val-Dwa-Fem-Law, killed by a jabberwock. Level 6: Some fountains. Stairs up to Sokoban, level 5. Level 7: A fountain. Final resting place for WizzyTheWeird-Wiz-Hum-Mal-Neu, killed by a black unicorn. Level 8: A delicatessen, a fountain. Level 9: "$" <- You were here. A temple and an altar to Huan Ti. Level 29: A throne, a fountain. The castle (play 5-note tune to open or close drawbridge). Connection to Gehennom. Gehennom: Level 30: The Gnomish Mines: levels 5 to 12 Level 5: Level 6: Level 7: Many shops, a temple and an altar to Huan Ti, some fountains. Level 8: Level 9: Level 10: Level 11: Level 12: Some fountains. Sokoban: levels 5 up to 2 Level 2: Solved. Level 3: Solved. Level 4: Solved. Level 5: Solved. Goodbye chip the Monk... You quit in The Dungeons of Doom on dungeon level 9 with 73844 points, and 2240 pieces of gold, after 12462 moves. You were level 11 with a maximum of 85 hit points when you quit.